 Seeded DCSS version 0.29-a0-378-gc08b2e8bf8 (webtiles) character file.

Game seed: 13605594255664981076 (custom seed)

3363 thiscave3701365 the Cleaver (level 9, -3/72 HPs)
             Began as a Minotaur Berserker on May 4, 2022.
             Was a Believer of Trog.
             Slain by a white imp (4 damage)
             ... on level 7 of the Dungeon.
             The game lasted 00:06:03 (11034 turns).

thiscave3701365 the Cleaver (Minotaur Berserker)   Turns: 11034, Time: 00:06:03

Health: -3/72      AC: 13    Str: 29    XL:     9   Next: 73%
Magic:  8/8        EV: 10    Int:  4    God:    Trog [**....]
Gold:   284        SH:  0    Dex: 10    Spells: 8/8 levels left

rFire   . . .      SeeInvis .   a - +0 hand axe
rCold   . . .      Faith    .   (no shield)
rNeg    . . .      Spirit   .   v - +0 chain mail "Fuibbaimp" {Str+3}
rPois   .          Reflect  .   (helmet restricted)
rElec   .          Harm     .   y - +0 cloak
rCorr   .          Rampage  .   (no gloves)
Will    ++...                   (no boots)
Stlth   ..........              (no amulet)
HPRegen 1.22/turn               (no ring)
MPRegen 0.11/turn               (no ring)

@: strong-willed, on berserk cooldown, regenerating, slowed, very slow
A: horns 2, retaliatory headbutt
a: Renounce Religion, Berserk, Trog's Hand


You were on level 7 of the Dungeon.
You worshipped Trog.
Trog was pleased with you.
You visited 1 branch of the dungeon, and saw 7 of its levels.
You also visited: Ossuary.

You collected 284 gold pieces.

Inventory:

Hand Weapons
 a - a +0 hand axe (weapon)
Missiles
 q - a throwing net
Armour
 v - the +0 chain mail "Fuibbaimp" (worn) {Str+3}
   (You found it on level 5 of the Dungeon)

   Str:       It affects your strength (+3).
 y - a +0 cloak (worn)
Jewellery
 k - a ring of protection from cold
Wands
 o - a wand of charming (10)
 r - a wand of digging (3)
 u - a wand of polymorph (4)
Scrolls
 d - a scroll of immolation {unknown}
 e - 6 scrolls of identify {unknown}
 g - a scroll of blinking {unknown}
 h - a scroll of fog {unknown}
 i - 3 scrolls of vulnerability {unknown}
 l - 2 scrolls of teleportation {unknown}
 m - a scroll of torment {unknown}
 p - a scroll of poison {unknown}
 t - a scroll of fear {unknown}
 w - a scroll of noise {unknown}
 A - a scroll of magic mapping {unknown}
Potions
 b - 2 potions of degeneration {unknown}
 c - 2 potions of brilliance {unknown}
 f - 4 potions of haste {unknown}
 j - 2 potions of magic {unknown}
 n - 3 potions of heal wounds {unknown}
 s - 3 potions of mutation {unknown}
 x - 3 potions of lignification {unknown}
 z - 3 potions of curing {unknown}


   Skills:
 - Level 4.4 Fighting
 * Level 13.4 Axes
 + Level 9.8 Armour
 - Level 3.2 Dodging


You had 8 spell levels left.
You didn't know any spells.
Your spell library was empty.

Dungeon Overview and Level Annotations

Branches:
Dungeon (7/15)             Temple (0/1) D:4         Ossuary (visited)

Altars:
Ashenzari
Cheibriados
Gozag
Makhleb
Nemelex Xobeh
Okawaru
Uskayaw

Shops:
D:6 !


Innate Abilities, Weirdness & Mutations

You have a pair of horns on your head.
You reflexively headbutt those who attack you in melee.


Message History

The yak closely misses you.
You hit the yak. Your headbutt misses the yak.
The yak is heavily wounded.
You slash the wyvern!
You kill the wyvern!
Trog accepts your kill.
You hit the centaur but do no damage.
The centaur unwields a +0 shortbow.
The centaur hits you but does no damage.
The centaur kicks you but does no damage.
The yak gores you!
* * * LOW HITPOINT WARNING * * *
You slash the yak!
The yak is severely wounded.
You hit the centaur.
The centaur hits you but does no damage.
The centaur barely misses you. The yak gores you.
* * * LOW HITPOINT WARNING * * *
The centaur hits you but does no damage.
The centaur kicks you but does no damage.
Okay, then.
You barely miss the yak. Your headbutt misses the yak.
The yak is severely wounded.
You closely miss the kobold brigand. You hit the centaur. The centaur hits you.
* * * LOW HITPOINT WARNING * * *
The centaur closely misses you.
The kobold brigand hits you but does no damage.
The yak gores you.
* * * LOW HITPOINT WARNING * * *
Okay, then.
Okay, then.
Okay, then.
Your skin crawls.
You feel strong-willed.
The centaur hits you but does no damage.
The centaur kicks you but does no damage.
The kobold brigand hits you but does no damage.
The white imp hits you.
* * * LOW HITPOINT WARNING * * *
The white imp freezes you.
You die...

###.....# ........#
........# ........#
.......?#######
..............#
......K...))..###
#.....Y@..))....#######
#.....c5..)..##.#.....#
.............##.##.##.#
#............##....##.#
#......#+############.#
....... #...#.# ....###
#.#.#.# #... ###.#.#.#
#.#.#.#.#


You could see a yak, a kobold brigand, a centaur and a white imp.

Vanquished Creatures
  A cyclops (D:6)
  A troll (D:7)
  A hornet (D:6)
  A wyvern (D:7)
  A vampire mosquito (D:7)
  2 water moccasins (D:6)
  2 ice beasts
  An orc warrior (D:7)
  2 black bears
  3 ogres
  3 phantoms
  A kobold brigand (D:7)
  2 elf zombies (Ossuary)
  2 necrophages (D:5)
  2 scorpions (D:6)
  A centaur zombie (Ossuary)
  A hound (D:5)
  A human zombie (Ossuary)
  2 orc priests (D:4)
  A jelly (D:6)
  A gnoll shaman (D:5)
  An iguana (D:3)
  5 orc wizards
  3 mummies
  8 gnolls
  7 adders
  A shadow imp (D:7)
  2 ufetubi
  An adder zombie (Ossuary)
  A worm (D:5)
  29 orcs
  3 endoplasms
  3 giant cockroaches
  7 goblins
  3 hobgoblins
  3 jackals (D:1)
  A quokka (D:4)
  8 ball pythons
  A bat (D:3)
  2 frilled lizards
  A goblin zombie (Ossuary)
  11 hobgoblin zombies (Ossuary)
  7 kobolds
  9 kobold zombies (Ossuary)
  6 orc zombies (Ossuary)
  5 rats
  4 rat zombies (Ossuary)
164 creatures vanquished.

Notes
Turn   | Place    | Note
-------+----------+-------------------------------------------
     0 | D:1      | thiscave3701365 the Minotaur Berserker began the quest for
                  | the Orb.
     0 | D:1      | Reached XP level 1. HP: 19/19 MP: 0/0
   483 | D:1      | Found a faded altar of an unknown god.
   623 | D:1      | Reached XP level 2. HP: 27/27 MP: 1/1
  1334 | D:2      | Reached skill level 4 in Axes
  1469 | D:2      | Reached XP level 3. HP: 30/33 MP: 2/2
  1577 | D:2      | You fall into a shaft and drop 1 floor!
  1826 | D:3      | Reached XP level 4. HP: 41/41 MP: 3/3
  2618 | D:3      | Found a burning altar of Makhleb.
  2618 | D:3      | Found a hide-covered altar of Uskayaw.
  3192 | D:4      | Noticed an ogre
  3198 | D:4      | Killed an ogre
  3199 | D:4      | Reached skill level 5 in Axes
  3199 | D:4      | Reached XP level 5. HP: 47/47 MP: 4/4
  3440 | D:4      | Found a staircase to the Ecumenical Temple.
  4122 | D:4      | Found an iron altar of Okawaru.
  4147 | D:4      | Reached skill level 6 in Axes
  4227 | D:4      | Found a snail-covered altar of Cheibriados.
  4236 | D:4      | Reached XP level 6. HP: 53/53 MP: 5/5
  5202 | D:4      | Found an opulent altar of Gozag.
  5202 | D:4      | Found a sparkling altar of Nemelex Xobeh.
  5440 | D:5      | Entered Level 5 of the Dungeon
  5572 | D:5      | Reached skill level 7 in Axes
  5572 | D:5      | Reached skill level 5 in Armour
  5583 | D:5      | Reached ** piety under Trog
  5584 | D:5      | Reached XP level 7. HP: 25/60 MP: 6/6
  5611 | D:5      | HP: 2/60 [something (4)]
  5784 | D:5      | Reached skill level 8 in Axes
  7151 | D:5      | Reached skill level 9 in Axes
  7440 | D:5      | Reached XP level 8. HP: 67/67 MP: 7/7
  7614 | D:5      | Found a broken altar of Ashenzari.
  8112 | D:5      | Identified the +0 chain mail "Fuibbaimp" {Str+3}
  8170 | D:6      | Noticed a hornet
  8174 | D:6      | Paralysed by a hornet for 3 turns
  8178 | D:6      | Killed a hornet
  8179 | D:6      | Reached skill level 10 in Axes
  8541 | D:6      | Noticed a cyclops
  8549 | D:6      | Killed a cyclops
  8550 | D:6      | Reached skill level 11 in Axes
  8557 | D:6      | Reached XP level 9. HP: 49/72 MP: 8/8
  9451 | D:6      | Found Yssic's Distillery.
  9783 | D:6      | Reached skill level 12 in Axes
  9973 | D:7      | Noticed a troll
  9979 | D:7      | Killed a troll
 10433 | D:7      | Found a sand-covered staircase.
 10438 | Ossuary  | Entered an ossuary
 11018 | D:7      | Reached skill level 13 in Axes
 11033 | D:7      | HP: 3/72 [centaur (1)]
 11034 | D:7      | HP: 1/72 [white imp (3)]
 11034 | D:7      | Slain by a white imp

Illustrated notes

Levels and vault maps discovered:
D:1:      wander_arrival_lonely_grave, layout_basic,
          ebering_ecumenical_altar_rust
D:2:      layout_basic, minmay_misc_feat_tower, grunt_decor_mini_mirrors
D:3:      layout_basic, mainiacjoe_overflow_divided_tiny
D:4:      layout_loops_ring, grunt_temple_overflow_opulence,
          general_overflow_altar, mainiacjoe_overflow_24_doors, temple_doors_ab
D:5:      layout_basic, mainiacjoe_overflow_paths
D:6:      layout_basic, serial_shops, nicolae_shop_behind_doors,
          minmay_increasing_density
D:7:      layout_basic, nicolae_ossuary_entry_giza, minmay_manual_mess

Skill      XL: |  1  2  3  4  5  6  7  8  9 |
---------------+----------------------------+-----
Axes           | 4 5 6 7 9 11 13 | 13.4
Armour         | 3 4 5 6 8 9 |  9.8
Fighting       | 4 |  4.4
Dodging        | 3 |  3.2

Action                   |  1- 3 |  4- 6 |  7- 9 || total
-------------------------+-------+-------+-------++-------
Melee: Hand axe          |    72 |    86 |   239 ||   397
       Headbutt          |    10 |    11 |    51 ||    72
       Punch             |     1 |     1 |     4 ||     6
Invok: Berserk           |     8 |     6 |    15 ||    29
       Trog's Hand       |       |       |     1 ||     1
Armor: Animal skin       |     3 |     4 |    10 ||    17
       Chain mail        |       |       |    74 ||    74
Dodge: Dodged            |    38 |    48 |    99 ||   185

Table legend: (Time is in decaauts)
 A = Elapsed time spent in this place.
 B = Non-inter-level travel time spent in this place.
 C = Inter-level travel time spent in this place.
 D = Time resting spent in this place.
 E = Time spent auto-exploring this place.
 F = Levels seen in this place.
 G = Mean time per level.
                   A        B        C        D        E       F      G
               +--------+--------+--------+--------+--------+-----+--------+
         Total |  11256 |  10840 |    416 |   5733 |   4280 |   8 | 1407.0 |
       Dungeon |  10858 |  10442 |    416 |   5619 |   4088 |   7 | 1551.1 |
       Ossuary |    398 |    398 |      0 |    114 |    192 |   1 |  398.0 |
               +--------+--------+--------+--------+--------+-----+--------+

Top non-repeatable levels by time:
     D:5: 2762 daAuts
     D:6: 2303 daAuts
     D:4: 2293 daAuts
     D:3: 1644 daAuts
     D:1: 1349 daAuts
 Ossuary: 398 daAuts
     D:2: 280 daAuts
     D:7: 224 daAuts
